 Dungeon Crawl Stone Soup version 0.22-a0-247-gbddf880 (webtiles) character file.

25 Firecrotchwizard the Cudgeler (level 2, -2/23 HPs)
             Began as a Demonspawn Gladiator on Feb 23, 2018.
             Slain by an adder (3 damage)
             ... on level 2 of the Dungeon.
             The game lasted 00:01:06 (984 turns).

Firecrotchwizard the Cudgeler (Demonspawn Gladiator) Turns: 984, Time: 00:01:07

Health: -2/23      AC:  6    Str: 14    XL:     2   Next: 82%
Magic:  2/2        EV: 11    Int:  9    God:
Gold:   38         SH:  0    Dex: 14    Spells: 1/1 levels left

rFire    . . .     SeeInvis .   a - +0 flail
rCold    . . .     Gourm    .   (no shield)
rNeg     . . .     Faith    .   k - +0 ring mail
rPois    .         Spirit   .   c - +0 helmet
rElec    .         Reflect  .   (no cloak)
rCorr    .         Harm     .   (no gloves)
MR       .....                  (no boots)
Stlth    +.........             (no amulet)
HPRegen  0.07/turn              (no ring)
MPRegen  0.08/turn              (no ring)

@: lethally poisoned (-2 -> -9)
A: rot immunity
a: no special abilities


You were on level 2 of the Dungeon.
You were not hungry.

You visited 1 branch of the dungeon, and saw 2 of its levels.

You collected 38 gold pieces.

Inventory:

Hand Weapons
 a - a +0 flail (weapon)
Missiles
 d - 3 throwing nets {=f, !d}
Armour
 b - a +0 leather armour
 c - a +0 helmet (worn)
 k - a +0 ring mail (worn)
   (You found it on level 1 of the Dungeon)
Scrolls
 e - a scroll of enchant weapon {unknown}
 h - a scroll of fear {unknown}
 i - a scroll of magic mapping {unknown}
Potions
 j - 2 potions of heal wounds {unknown}
Comestibles
 f - a ration {@e1}
 g - 2 chunks of flesh {@w0}


   Skills:
 + Level 2.5 Fighting
 * Level 3.4 Maces & Flails
 - Level 1.7 Throwing
 - Level 2.6 Dodging


You had one spell level left.
You didn't know any spells.

Dungeon Overview and Level Annotations

Branches:
Dungeon (2/15)

Altars:


Innate Abilities, Weirdness & Mutations

You are immune to rotting.


Message History

You open the door.
There is an open door here.
You open the door.
There is an open door here.
A goblin comes into view. It is wielding a club.
The goblin hits you but does no damage.
You barely miss the goblin. The goblin closely misses you.
You miss the goblin. The goblin hits you but does no damage.
You hit the goblin.
You kill the goblin!
No target in view!
No target in view!
You see here a whip.
Things that are here:
a dagger; a whip; 4 stones
There is an open door here.
There is an open door here.
You open the door.
There is an open door here.
There is an open door here.
There is a staircase leading out of the dungeon here.
You open the door.
There is an open door here.
Done exploring.
Done exploring.
Done exploring.
(D) Dungeon
Where to? (? - help)
There is an open door here.
There is an open door here.
There is an open door here.
There is a stone staircase leading down here.
You climb downwards.
A bat and a rat come into view.
There is a stone staircase leading up here.
You hit the rat.
You kill the rat!
The bat hits you but does no damage. The bat hits you but does no damage.
You miss the bat. The bat hits you but does no damage.
You hit the bat. The bat barely misses you. The bat misses you.
You hit the bat.
You kill the bat!
No target in view!
You butcher the bat corpse.
g - a chunk of flesh {@w0} You butcher the rat corpse.
g - 2 chunks of flesh {@w0} (gained 1)
You see here a rat skeleton. x2
There is a stone staircase leading up here.
Found a stone staircase leading up.
An adder comes into view.
The adder barely misses you.
You closely miss the adder. The adder bites you but does no damage.
The adder misses you.
Your ring mail prevents you from hitting the adder.
The adder bites you.
You take 1 damage, and have 22/23 hp.
You barely miss the adder. The adder bites you but does no damage.
The adder barely misses you.
You hit the adder. The adder closely misses you.
You miss the adder.
The adder bites you but does no damage. x2
You miss the adder. The adder bites you.
You are poisoned.
The adder poisons you! The adder misses you.
You take 3 damage, and have 19/23 hp.
You hit the adder but do no damage.
You feel sick. The adder barely misses you.
You take 1 damage, and have 18/23 hp.
You closely miss the adder. The adder bites you.
The adder bites you but does no damage.
You take 4 damage, and have 14/23 hp.
You are too injured to fight recklessly!
You are too injured to fight recklessly!
You miss the adder.
You feel sick. The adder closely misses you.
The adder bites you but does no damage.
You take 1 damage, and have 13/23 hp.
You miss the adder. The adder closely misses you.
You closely miss the adder.
You feel sick. The adder bites you but does no damage.
The adder closely misses you.
You take 1 damage, and have 13/23 hp.
You miss the adder. The adder bites you.
You take 2 damage, and have 11/23 hp.
You barely miss the adder. The adder bites you.
You are lethally poisoned!
The adder poisons you! The adder barely misses you.
You take 4 damage, and have 7/23 hp.
You closely miss the adder.
* * * LOW HITPOINT WARNING * * *
You feel sick. The adder bites you.
* * * LOW HITPOINT WARNING * * *
The adder bites you but does no damage.
You take 4 damage, and have 3/23 hp.
You hit the adder but do no damage.
* * * LOW HITPOINT WARNING * * *
You feel sick. The adder bites you but does no damage.
You take 1 damage, and have 2/23 hp.
You closely miss the adder.
* * * LOW HITPOINT WARNING * * *
You feel sick. The adder bites you.
You die...

#รท......#
#..... #.......#
..... ##[###..#
.... #.# #..#
..$ #.###..# #
..## #......# .)
..# #....<.#
#.##.##S#
###.####
....?..@######.#
.....#.........#
..# #..########
#..# ....#
....## ......
##...# #...


You could see an adder.

Vanquished Creatures
  An ooze (D:1)
  A dart slug (D:1)
  2 goblins (D:1)
  2 hobgoblins (D:1)
  A ball python (D:1)
  3 bats
  A frilled lizard (D:1)
  5 kobolds (D:1)
  4 rats
20 creatures vanquished.

Notes
Turn   | Place    | Note
-------+----------+-------------------------------------------
     0 | D:1      | Firecrotchwizard the Demonspawn Gladiator began the quest for the Orb.
     0 | D:1      | Reached XP level 1. HP: 16/16 MP: 1/1
    99 | D:1      | Reached skill level 3 in Maces & Flails
   262 | D:1      | Gained mutation: You are immune to rotting. [demonic ancestry]
   262 | D:1      | Reached XP level 2. HP: 21/22 MP: 2/2
   982 | D:2      | HP: 3/23 [adder (3)]
   984 | D:2      | HP: 1/23 [poisoned by an adder]
   984 | D:2      | Slain by an adder

Vault maps used:
D:1:      dpeg_arrival_another_circle
D:2:      evilmike_ruin_ashenzari, lemuel_crystal_altar, uniq_jessica,
          uniq_crazy_yiuf_cottage, uniq_terence

Skill      XL: |  1 |
---------------+----+-----
Maces & Flails | 3 |  3.4
Fighting       | |  2.5
Throwing       | |  1.7
Dodging        | |  2.6

Action                   || total
-------------------------++-------
Melee: Flail             ||    74
Armor: Leather armour    ||    20
       Ring mail         ||    13
Dodge: Dodged            ||    63

Table legend:
 A = Spawn XP
 B = Non-spawn XP
 C = Spawn XP percentage of total XP
 D = Spawn monster count
 E = Non-spawn monster count
 F = Spawn count percentage of total count
 G = Total turns spent on level
                    A         B        C        D         E        F      G
               +---------+---------+-------+---------+---------+-------+---------
         Total |       0 |      36 |   0.0 |       0 |      20 |   0.0 |   984
               +---------+---------+-------+---------+---------+-------+---------
           D:1 |       0 |      33 |   0.0 |       0 |      18 |   0.0 |   928
           D:2 |       0 |       3 |   0.0 |       0 |       2 |   0.0 |    56
               +---------+---------+-------+---------+---------+-------+---------

Vault maps used:
D:1:      dpeg_arrival_another_circle
D:2:      evilmike_ruin_ashenzari, lemuel_crystal_altar, uniq_jessica,
          uniq_crazy_yiuf_cottage, uniq_terence

Table legend:
 A = Turns spent in this place as a percentage of turns spent in the entire game.
 B = Non-inter-level travel turns spent in this place as a percentage of non-inter-level travel turns spent in the entire game.
 C = Inter-level travel turns spent in this place as a percentage of turns spent in this place.
 D = Turns resting spent in this place as a percentage of non-inter-level travel turns spent in this place.
 E = Turns spent auto-exploring this place as a percentage of non-inter-level travel turns spent in this place.
 F = Non-inter-level travel turns spent in this place divided by the number of levels of this place that you've seen.
                   A       B       C       D       E      F
               +-------+-------+-------+-------+-------+----------------------
         Total | 100.0 | 100.0 |   4.1 |   6.8 |  76.0 | 472.0
       Dungeon | 100.0 | 100.0 |   4.1 |   6.8 |  76.0 | 472.0
               +-------+-------+-------+-------+-------+----------------------

Table legend:
 A = Kills in this place as a percentage of kills in entire the game.
 B = Kills by you in this place as a percentage of kills by you in the entire game.
 C = Kills by friends in this place as a percentage of kills by friends in the entire game.
 D = Other kills in this place as a percentage of other kills in the entire game.
 E = Experience gained in this place as a percentage of experience gained in the entire game.
 F = Experience gained in this place divided by the number of levels of this place that you have seen.
                   A       B       C       D       E      F
               +-------+-------+-------+-------+-------+----------------------
         Total | 100.0 | 100.0 |   N/A |   N/A | 100.0 |  18.0
       Dungeon | 100.0 | 100.0 |   N/A |   N/A | 100.0 |  18.0
               +-------+-------+-------+-------+-------+----------------------
